 Dungeon Crawl Stone Soup version 0.26-a0-683-g5206c1d7ac (webtiles) character file.

Game seed: 1356594426338370201

11223 reriks the Blocker (level 11, -2/89 HPs)
             Began as a Gnoll Fighter on Oct 22, 2020.
             Was a High Priest of Cheibriados.
             Slain by Rupert
             ... wielding a +1 great sword of protection
              (21 damage)
             ... on level 3 of the Lair of Beasts.
             The game lasted 00:17:58 (15878 turns).

reriks the Blocker (Gnoll Fighter)                 Turns: 15878, Time: 00:17:58

Health: -2/89      AC: 21    Str: 36    XL:     11   Next: 74%
Magic:  18/20      EV: 13    Int: 26    God:    Cheibriados [*****.]
Gold:   710        SH: 15    Dex: 27    Spells: 23/23 levels left

rFire    . . .     SeeInvis .   b - +0 war axe
rCold    . . .     Faith    .   c - +0 kite shield
rNeg     . . .     Spirit   .   s - +0 plate armour
rPois    .         Reflect  .   M - +1 hat
rElec    .         Harm     .   i - +1 cloak (curse)
rCorr    .         Rampage  .   (no gloves)
MR       .....                  (no boots)
Stlth    ..........             (no amulet)
HPRegen  0.24/turn              t - +6 ring of strength
MPRegen  0.17/turn              L - +4 ring of protection

@: very slow
A: distributed training, fangs 1, strong nose
a: Bend Time, Temporal Distortion, Slouch, Step From Time, Renounce Religion


You were on level 3 of the Lair of Beasts.
You worshipped Cheibriados.
Cheibriados was extremely pleased with you.
You visited 2 branches of the dungeon, and saw 12 of its levels.
You also visited: Sewer.

You collected 822 gold pieces.
You spent 112 gold pieces at shops.

Inventory:

Hand Weapons
 a - a +6 hunting sling of freezing
 b - a +0 war axe (weapon)
Missiles
 v - 450 stones (quivered)
 K - 18 sling bullets
Armour
 c - a +0 kite shield (worn)
 i - a cursed +1 cloak (worn)
 k - a +0 scale mail
 n - a +0 hat
 s - a +0 plate armour (worn)
 M - a +1 hat (worn)
Jewellery
 t - a +6 ring of strength (left hand)
 y - an uncursed ring of stealth
 E - a +6 ring of dexterity
 H - an uncursed ring of positive energy {unknown}
 L - a +4 ring of protection (right hand)
 P - an uncursed ring of flight {unknown}
Wands
 C - a wand of digging (10)
 F - a wand of polymorph (8)
 G - a wand of acid (6)
 I - a wand of paralysis (9)
 J - a wand of disintegration (30)
 N - a wand of enslavement (12)
Scrolls
 e - 2 scrolls of magic mapping
 h - 7 scrolls of remove curse
 l - 2 scrolls of amnesia
 r - 3 scrolls of fear
 w - 7 scrolls of teleportation
 A - 2 scrolls of fog
 B - a scroll of blinking
 O - 2 scrolls of identify
Potions
 d - 2 potions of might
 f - 2 potions of cancellation
 g - a potion of mutation
 j - 2 potions of flight
 m - 2 potions of invisibility
 o - 4 potions of stabbing
 p - 3 potions of brilliance
 q - a potion of haste
 u - 3 potions of lignification
 x - 5 potions of curing
 z - 2 potions of magic
 D - a potion of heal wounds


   Skills:
 + Level 9.3 Fighting
 + Level 6.6 Short Blades
 + Level 6.6 Long Blades
 + Level 8.1 Axes
 + Level 6.6 Maces & Flails
 + Level 6.6 Polearms
 + Level 6.6 Staves
 + Level 6.6 Slings
 + Level 6.6 Bows
 + Level 6.6 Crossbows
 + Level 6.6 Throwing
 + Level 9.3 Armour
 + Level 6.6 Dodging
 + Level 6.6 Stealth
 + Level 9.3 Shields
 + Level 6.6 Unarmed Combat
 + Level 6.6 Spellcasting
 + Level 5.4 Conjurations
 + Level 5.4 Hexes
 + Level 5.4 Summonings
 + Level 5.4 Necromancy
 + Level 5.4 Translocations
 + Level 5.4 Transmutations
 + Level 5.4 Fire Magic
 + Level 5.4 Ice Magic
 + Level 5.4 Air Magic
 + Level 5.4 Earth Magic
 + Level 5.4 Poison Magic
 + Level 7.2 Invocations
 + Level 6.6 Evocations


You had 23 spell levels left.
You didn't know any spells.
Your spell library was empty.

Dungeon Overview and Level Annotations

Branches:
Dungeon (9/15)             Temple (0/1) D:4            Lair (3/6) D:8
 Spider (0/4) Lair:2        Sewer (visited)
  Swamp: Lair:2-4    Shoals: Lair:2-4       Orc: D:9-12

Altars:
Ashenzari
Cheibriados
Gozag
Kikubaaqudgha
Makhleb
Uskayaw
Beogh

Shops:
D:9 *[

Annotations:
D:3 1 runed translucent door, tasumai's ghost, amateur GrFi
D:7 1 runed translucent door, grandjackal's ghost, novice DsGl
Lair:3 Rupert


Innate Abilities, Weirdness & Mutations

Your experience applies equally to all skills.
You have very sharp teeth.
Your uncanny sense of smell can sniff out nearby items.


Message History

You block Rupert's attack.
You hit Rupert.
Rupert is heavily wounded.
You block Rupert's attack.
You hit Rupert but do no damage. Your bite misses Rupert.
Rupert is heavily wounded.
You hit Rupert but do no damage. You bite Rupert, but do no damage.
Rupert is heavily wounded.
Rupert looks more energetic.
Rupert roars madly and goes into a rage!
Rupert goes berserk!
You slash Rupert!
Rupert is heavily wounded.
Rupert hits you with a +1 great sword of protection!!
* * * LOW HITPOINT WARNING * * *
You closely miss Rupert.
Rupert is heavily wounded.
Rupert barely misses you.
Rupert hits you with a +1 great sword of protection!!
You die...

...##.#(##.#(...
#..........(.)...
#..(.............
#...(....(.......
.....(..(.......(
.......(....(....
...........†.....
+###.(..@........
.....#...@.......
.......##.#......
....... ##. .....
.....P. #. ....
.....#. ..∆...
..(... .. .. ...
... . ...


You could see Rupert (berserk).

Vanquished Creatures
  2 hydras
  Pikel (D:5)
  An orb spider (Lair:2)
  A deep elf mage (D:9)
  A rime drake (Lair:2)
  2 centaur skeletons
  A cane toad (Lair:1)
  2 komodo dragons (Lair:1)
  Prince Ribbit (D:7)
  5 blink frogs (Lair:2)
  Eustachio (D:5)
  4 yaks (Lair:2)
  Duvessa (D:4)
  5 water moccasins
  7 orc warriors
  2 ice beasts
  3 black bears
  5 ogres
  3 centaurs (D:8)
  2 phantoms (D:8)
  A lemure (D:5)
  2 big kobolds (D:8)
  Blork the orc (D:5)
  7 bullfrogs
  Dowan (D:4)
  11 killer bees (D:8)
  4 wights (D:8)
  3 howler monkeys
  A bullfrog zombie (D:6)
  A quasit (D:8)
  3 hounds
  2 jellies
  4 orc priests
  4 orc wizards
  5 iguanas
  Ijyb (D:4)
  10 worker ants
  2 hound zombies
  2 hound skeletons
  A worker ant zombie (D:7)
  8 gnolls
  16 adders
  A river rat (D:3)
  6 shadow imps
  3 white imps
  An ufetubus (D:5)
  An ooze (D:4)
  3 adder skeletons
  3 worms
  A dart slug (D:1)
  7 leopard geckos
  50 orcs
  6 giant cockroaches
  12 hobgoblins
  13 jackals
  23 kobolds
  3 quokkas
  4 ball pythons
  8 bats
  8 frilled lizards
  2 goblins
  A quokka skeleton (D:7)
  2 quokka zombies
  13 rats
311 creatures vanquished.

Vanquished Creatures (others)
  7 fungi
  20 plants
27 creatures vanquished.

Grand Total: 338 creatures vanquished

Notes
Turn   | Place    | Note
-------+----------+-------------------------------------------
     0 | D:1      | reriks the Gnoll Fighter began the quest for the Orb.
     0 | D:1      | Reached XP level 1. HP: 23/23 MP: 1/1
    29 | D:1      | Found a broken altar of Ashenzari.
    78 | D:1      | Reached XP level 2. HP: 27/29 MP: 2/2
   236 | D:1      | You fall into a shaft and drop 1 floor!
   236 | D:2      | Found a broken altar of Ashenzari.
   236 | D:2      | Found an ancient bone altar of Kikubaaqudgha.
   236 | D:2      | Found an opulent altar of Gozag.
   243 | D:2      | Reached XP level 3. HP: 21/35 MP: 3/3
   538 | D:2      | Reached skill level 1 in Invocations
   628 | D:2      | Found a burning altar of Makhleb.
   632 | D:2      | Reached skill level 1 in Short Blades
   632 | D:2      | Reached skill level 1 in Long Blades
   632 | D:2      | Reached skill level 1 in Maces & Flails
   632 | D:2      | Reached skill level 1 in Polearms
   632 | D:2      | Reached skill level 1 in Staves
   632 | D:2      | Reached skill level 1 in Slings
   632 | D:2      | Reached skill level 1 in Bows
   632 | D:2      | Reached skill level 1 in Crossbows
   632 | D:2      | Reached skill level 1 in Throwing
   632 | D:2      | Reached skill level 1 in Dodging
   632 | D:2      | Reached skill level 1 in Stealth
   632 | D:2      | Reached skill level 1 in Unarmed Combat
   632 | D:2      | Reached skill level 1 in Spellcasting
   632 | D:2      | Reached skill level 1 in Evocations
   632 | D:2      | Reached XP level 4. HP: 37/41 MP: 5/5
   767 | D:2      | Reached skill level 1 in Conjurations
   767 | D:2      | Reached skill level 1 in Hexes
   767 | D:2      | Reached skill level 1 in Summonings
   767 | D:2      | Reached skill level 1 in Necromancy
   767 | D:2      | Reached skill level 1 in Translocations
   767 | D:2      | Reached skill level 1 in Transmutations
   767 | D:2      | Reached skill level 1 in Fire Magic
   767 | D:2      | Reached skill level 1 in Ice Magic
   767 | D:2      | Reached skill level 1 in Air Magic
   767 | D:2      | Reached skill level 1 in Earth Magic
   767 | D:2      | Reached skill level 1 in Poison Magic
  1296 | D:3      | Reached XP level 5. HP: 32/47 MP: 5/7
  1615 | D:3      | Found a runed translucent door.
  1624 | D:3      | Found a snail-covered altar of Cheibriados.
  1632 | D:3      | Became a worshipper of Cheibriados the Contemplative
  1641 | D:3      | Noticed tasumai's ghost (amateur GrFi)
  1766 | D:3      | Found a glowing drain.
  1770 | Sewer    | Entered a sewer
  1946 | Sewer    | Reached * piety under Cheibriados
  2507 | Sewer    | Reached XP level 6. HP: 53/53 MP: 8/8
  3610 | D:4      | Noticed Dowan
  3614 | D:4      | Killed Dowan
  3614 | D:4      | Reached skill level 5 in Axes
  3616 | D:4      | Noticed Duvessa
  3628 | D:4      | Killed Duvessa
  3628 | D:4      | Reached XP level 7. HP: 49/59 MP: 10/10
  3716 | D:4      | Reached ** piety under Cheibriados
  3941 | D:4      | Found a staircase to the Ecumenical Temple.
  4337 | D:4      | Noticed Ijyb
  4344 | D:4      | Killed Ijyb
  5099 | D:5      | Entered Level 5 of the Dungeon
  5353 | D:5      | Noticed Eustachio
  5410 | D:5      | Reached XP level 8. HP: 23/67 MP: 9/12
  5416 | D:5      | Killed Eustachio
  5965 | D:5      | Noticed Pikel
  5968 | D:5      | Noticed Blork the orc
  5979 | D:5      | Killed Pikel
  5985 | D:5      | Killed Blork the orc
  5985 | D:5      | Reached XP level 9. HP: 55/72 MP: 12/14
  6068 | D:5      | Reached *** piety under Cheibriados
  7811 | D:7      | Noticed Prince Ribbit
  7825 | D:7      | Killed Prince Ribbit
  8233 | D:7      | Found a runed translucent door.
  8234 | D:7      | Noticed grandjackal's ghost (novice DsGl)
  8295 | D:7      | Reached **** piety under Cheibriados
  9298 | D:8      | Reached skill level 5 in Invocations
  9709 | D:8      | Found a staircase to the Lair.
  9754 | D:8      | Reached XP level 10. HP: 43/80 MP: 12/17
 10292 | D:8      | Reached skill level 5 in Short Blades
 10292 | D:8      | Reached skill level 5 in Long Blades
 10292 | D:8      | Reached skill level 5 in Maces & Flails
 10292 | D:8      | Reached skill level 5 in Polearms
 10292 | D:8      | Reached skill level 5 in Staves
 10292 | D:8      | Reached skill level 5 in Slings
 10292 | D:8      | Reached skill level 5 in Bows
 10292 | D:8      | Reached skill level 5 in Crossbows
 10292 | D:8      | Reached skill level 5 in Throwing
 10292 | D:8      | Reached skill level 5 in Dodging
 10292 | D:8      | Reached skill level 5 in Stealth
 10292 | D:8      | Reached skill level 5 in Unarmed Combat
 10292 | D:8      | Reached skill level 5 in Spellcasting
 10292 | D:8      | Reached skill level 5 in Evocations
 10650 | D:8      | Reached ***** piety under Cheibriados
 11782 | D:9      | Found a roughly hewn altar of Beogh.
 11886 | D:9      | Found Weagagi's Antique Armour Emporium.
 12226 | D:9      | Found Ameryig's Assorted Antiques.
 12245 | D:9      | Bought a scroll of identify for 56 gold pieces
 12245 | D:9      | Bought a scroll of identify for 56 gold pieces
 12255 | D:9      | Found Xosauv's Antique Armour Shoppe.
 12458 | D:9      | Found a hide-covered altar of Uskayaw.
 12587 | D:9      | Noticed a deep elf mage
 12598 | D:9      | Killed a deep elf mage
 12809 | Lair:1   | Entered Level 1 of the Lair of Beasts
 13235 | Lair:1   | Noticed a cane toad
 13241 | Lair:1   | Killed a cane toad
 13241 | Lair:1   | Reached XP level 11. HP: 87/87 MP: 19/19
 14089 | Lair:1   | Noticed an eight-headed hydra
 14098 | Lair:1   | Killed an eight-headed hydra
 14098 | Lair:1   | Reached skill level 5 in Conjurations
 14098 | Lair:1   | Reached skill level 5 in Hexes
 14098 | Lair:1   | Reached skill level 5 in Summonings
 14098 | Lair:1   | Reached skill level 5 in Necromancy
 14098 | Lair:1   | Reached skill level 5 in Translocations
 14098 | Lair:1   | Reached skill level 5 in Transmutations
 14098 | Lair:1   | Reached skill level 5 in Fire Magic
 14098 | Lair:1   | Reached skill level 5 in Ice Magic
 14098 | Lair:1   | Reached skill level 5 in Air Magic
 14098 | Lair:1   | Reached skill level 5 in Earth Magic
 14098 | Lair:1   | Reached skill level 5 in Poison Magic
 14575 | Lair:2   | Found a hole to the Spider Nest.
 14575 | Lair:2   | Noticed an orb spider
 14578 | Lair:2   | Killed an orb spider
 15020 | Lair:2   | Noticed a seven-headed hydra
 15029 | Lair:2   | Killed a seven-headed hydra
 15760 | Lair:3   | Noticed Rupert
 15763 | Lair:3   | Noticed a six-headed hydra
 15841 | Lair:3   | Paralysed by Rupert for 5 turns
 15853 | Lair:3   | HP: 1/89 [Rupert/+1 great sword of protection (17)]
 15878 | Lair:3   | Slain by Rupert

Illustrated notes

Levels and vault maps discovered:
D:1:      psy_arrival_terrarium, layout_rooms, ashenzari_altar_1
D:2:      layout_basic, grunt_temple_overflow_open, makhleb_blood_cavern_becter
D:3:      layout_rooms, lightli_sewer_entry_pipes,
          ebering_ghost_reflecting_pool, cheibriados_altar_1
D:4:      layout_cave_pods, minmay_temple_entry_drinking_statues, uniq_duvessa,
          uniq_ijyb
D:5:      layout_basic, uniq_blork_the_orc, uniq_pikel, uniq_eustachio
D:6:      layout_rooms
D:7:      layout_basic, gammafunk_ghost_grave, minmay_bent, uniq_prince_ribbit1
D:8:      layout_basic, dpeg_oklobed_lair
D:9:      layout_roguey [special_room_orc], kennysheep_mini_moat, serial_shops,
          nicolae_shop_stone, shop, shop_coins, guppyfry_early_elven_hall
Lair:1:   layout_cave_pods
Lair:2:   layout_big_grid, nicolae_spider_entry_orb_guardian
Lair:3:   layout_chaotic_city, uniq_rupert

Skill      XL: |  1  2  3  4  5  6  7  8  9 10 11 |
---------------+----------------------------------+-----
Invocations    | 1 2 3 4 5 6 7 |  7.2
Short Blades   | 1 2 3 4 5 6 |  6.6
Long Blades    | 1 2 3 4 5 6 |  6.6
Maces & Flails | 1 2 3 4 5 6 |  6.6
Polearms       | 1 2 3 4 5 6 |  6.6
Staves         | 1 2 3 4 5 6 |  6.6
Slings         | 1 2 3 4 5 6 |  6.6
Bows           | 1 2 3 4 5 6 |  6.6
Crossbows      | 1 2 3 4 5 6 |  6.6
Throwing       | 1 2 3 4 5 6 |  6.6
Dodging        | 1 2 3 4 5 6 |  6.6
Stealth        | 1 2 3 4 5 6 |  6.6
Unarmed Combat | 1 2 3 4 5 6 |  6.6
Spellcasting   | 1 2 3 4 5 6 |  6.6
Evocations     | 1 2 3 4 5 6 |  6.6
Conjurations   | 1 2 3 4 5 |  5.4
Hexes          | 1 2 3 4 5 |  5.4
Summonings     | 1 2 3 4 5 |  5.4
Necromancy     | 1 2 3 4 5 |  5.4
Translocations | 1 2 3 4 5 |  5.4
Transmutations | 1 2 3 4 5 |  5.4
Fire Magic     | 1 2 3 4 5 |  5.4
Ice Magic      | 1 2 3 4 5 |  5.4
Air Magic      | 1 2 3 4 5 |  5.4
Earth Magic    | 1 2 3 4 5 |  5.4
Poison Magic   | 1 2 3 4 5 |  5.4
Axes           | 5 6 7 8 |  8.1
Fighting       | 7 8 9 |  9.3
Armour         | 7 8 9 |  9.3
Shields        | 7 8 9 |  9.3

Action                   |  1- 3 |  4- 6 |  7- 9 | 10-12 || total
-------------------------+-------+-------+-------+-------++-------
Melee: War axe           |    48 |    65 |   139 |    30 ||   282
       Bite              |     8 |    13 |    32 |     6 ||    59
 Fire: Hunting sling     |       |   170 |   300 |   310 ||   780
Invok: Bend Time         |       |       |     6 |     5 ||    11
       Slouch            |       |       |       |     2 ||     2
  Use: Scroll            |       |     8 |    14 |     4 ||    26
       Potion            |       |     1 |       |     3 ||     4
Armor: Scale mail        |    17 |     6 |       |       ||    23
       Plate armour      |       |    67 |    84 |    81 ||   232
Dodge: Dodged            |    17 |    47 |    91 |    55 ||   210
Block: Kite shield       |    24 |    80 |   215 |   113 ||   432

Table legend: (Time is in decaauts)
 A = Elapsed time spent in this place.
 B = Non-inter-level travel time spent in this place.
 C = Inter-level travel time spent in this place.
 D = Time resting spent in this place.
 E = Time spent auto-exploring this place.
 F = Levels seen in this place.
 G = Mean time per level.
                   A        B        C        D        E       F      G
               +--------+--------+--------+--------+--------+-----+--------+
         Total |  20102 |  19282 |    820 |   6843 |  10340 |  13 | 1546.3 |
       Dungeon |  14159 |  13571 |    588 |   4942 |   6935 |   9 | 1573.2 |
          Lair |   4288 |   4057 |    231 |   1202 |   2598 |   3 | 1429.3 |
         Sewer |   1654 |   1654 |      0 |    698 |    806 |   1 | 1654.0 |
               +--------+--------+--------+--------+--------+-----+--------+

Top non-repeatable levels by time:
     D:8: 3307 daAuts
  Lair:1: 2238 daAuts
  Lair:2: 1929 daAuts
     D:5: 1903 daAuts
     D:7: 1894 daAuts
     D:4: 1817 daAuts
   Sewer: 1654 daAuts
     D:9: 1602 daAuts
     D:6: 1133 daAuts
     D:2: 969 daAuts
     D:3: 968 daAuts
     D:1: 565 daAuts
  Lair:3: 120 daAuts
